 Dungeon Crawl Stone Soup version 0.29.1-2-gbd0b4ee654 (webtiles) character file.

Game seed: 7543025595820204642

2 GorkyZ the Trooper (level 1, 0/18 HPs)
             Began as a Demonspawn Fighter on Nov 22, 2022.
             Slain by a goblin
             ... wielding a +0 dagger
              (1 damage)
             ... on level 1 of the Dungeon.
             The game lasted 00:00:36 (50 turns).

GorkyZ the Trooper (Demonspawn Fighter)               Turns: 50, Time: 00:00:37

Health: 0/18       AC:  6    Str: 16    XL:     1   Next: 25%
Magic:  1/1        EV:  8    Int:  9    God:
Gold:   27         SH:  4    Dex: 12    Spells: 0/0 levels left

rFire   . . .      SeeInvis .   a - +0 war axe
rCold   . . .      Faith    .   c - +0 buckler
rNeg    . . .      Spirit   .   b - +0 scale mail
rPois   .          Reflect  .   (no helmet)
rElec   .          Harm     .   (no cloak)
rCorr   .          Rampage  .   (no gloves)
Will    .....                   (no boots)
Stlth   ..........              (no amulet)
HPRegen 0.06/turn               (no ring)
MPRegen 0.07/turn               (no ring)

@: no status effects
A: no striking features
a: no special abilities


You were on level 1 of the Dungeon.
You visited 1 branch of the dungeon, and saw 1 of its levels.

You collected 27 gold pieces.

Inventory:

Hand Weapons
 a - a +0 war axe (weapon)
Armour
 b - a +0 scale mail (worn)
 c - a +0 buckler (worn)
Scrolls
 e - a scroll of fog {unknown}
 f - a scroll of fear {unknown}
Potions
 d - a potion of might


   Skills:
 + Level 3.0 Fighting
 + Level 1.7 Axes
 + Level 0.1 Throwing
 + Level 2.7 Armour
 + Level 0.0 Dodging
 + Level 2.7 Shields
 + Level 0.0 Evocations


You couldn't memorise any spells.
You didn't know any spells.
Your spell library contained the following spells:

 Spells                   Type           Power      Damage    Failure   Level
 Ozocubu's Armour         Ice            0%         N/A       99%         3
 Metabolic Englaciation   Hex/Ice        0%         N/A       100%        5
 Simulacrum               Ice/Necr       0%         N/A       100%        6


Dungeon Overview and Level Annotations

Branches:
Dungeon (1/15)

Altars:


Message History

a scroll labelled POCLAILADO; a ball python corpse You slash the hobgoblin!
You kill the hobgoblin!
A gnoll comes into view. It is wielding a +0 whip.
A goblin comes into view. It is wielding a +0 dagger.
Found a book of Minor Magic.
The goblin shouts!
The gnoll hits you with a +0 whip.
You hit the gnoll.
The gnoll is lightly wounded.
You barely miss the goblin. The gnoll hits you with a +0 whip.
The goblin barely misses you. The goblin hits you but does no damage.
The gnoll hits you with a +0 whip.
You are too injured to fight recklessly!
You are too injured to fight recklessly!
You are too injured to fight recklessly!
You are too injured to fight recklessly!
You are too injured to fight recklessly!
You are too injured to fight recklessly!
You are too injured to fight recklessly!
You are too injured to fight recklessly!
You are too injured to fight recklessly!
You are too injured to fight recklessly!
You are too injured to fight recklessly!
You are too injured to fight recklessly!
You are too injured to fight recklessly!
The gnoll attacks as you move away! The gnoll hits you with a +0 whip.
* * * LOW HITPOINT WARNING * * *
The goblin hits you but does no damage.
You barely miss the gnoll.
The gnoll is lightly wounded.
You hit the goblin. The gnoll hits you but does no damage.
The goblin closely misses you.
You slash the gnoll!
The gnoll is severely wounded.
You closely miss the goblin. The gnoll hits you but does no damage.
The goblin hits you with a +0 dagger.
* * * LOW HITPOINT WARNING * * *
The goblin hits you with a +0 dagger.
You die...

#..# ##..# ...#
#..# ##..# ##...#
##....#######.#
#....g@?......#
.......g###.#####
#####...# #.#
##..#
#.############
...#
#............##
###:#
###########...#
#.# ###..... #.#
#....... #.#.....


You could see a gnoll and a goblin.

Vanquished Creatures
  A hobgoblin (D:1)
  A ball python (D:1)
2 creatures vanquished.

Notes
Turn   | Place    | Note
-------+----------+-------------------------------------------
     0 | D:1      | GorkyZ the Demonspawn Fighter began the quest for the Orb.
     0 | D:1      | Reached XP level 1. HP: 18/18 MP: 1/1
    50 | D:1      | Slain by a goblin

Illustrated notes

Levels and vault maps discovered:
D:1:      doesnt_arrival_eight_statues, layout_loops_ring,
          chequers_serial_rivers_small_a, feat_on_display

Action                   || total
-------------------------++-------
Melee: War axe           ||     5
Armor: Scale mail        ||     4
Dodge: Dodged            ||     2
